 Dungeon Crawl Stone Soup version 0.30-a0-715-gdb4ae3ece1 (webtiles) character file.

Game seed: 539416075737819695

3851308 browni3141 the Sorcerer (level 27, 217/217 HPs)
             Began as a Djinni Fire Elementalist on Jan 23, 2023.
             Was the Champion of Makhleb.
             Escaped with the Orb
             ... and 6 runes!
             The game lasted 04:14:55 (80914 turns).

browni3141 the Sorcerer (Djinni Fire Elementalist) Turns: 80914, Time: 04:14:56

Health: 217/217    AC: 30    Str: 13 (15) XL:     27
Gold:   2176       EV: 20    Int: 20 (21) God:    Makhleb [******] SH: 31 Dex: 21

rFire   + + +      SeeInvis +    b - +4 staff of Dispater
rCold   . . .      Faith    .    D - +8 tower shield {rC+}
rNeg    + + .      Spirit   .    C - +3 fire dragon scales
rPois   ∞          Reflect  .    s - +0 helmet of Dithmenos's Envy {rN+ Will+ Stlth+}
rElec   +          Harm     .    w - +4 dragonskin cloak
rCorr   .          Rampage  .    N - +3 pair of gauntlets of War {Slay+5}
Will    +++..                    (boots unavailable)
Stlth   ++                       X - amulet "Keoc" {Regen+ SInv}
HPRegen 2.16/turn                h - ring "Ziuvosas" {Str+6 Slay+4}
MPRegen 0.00/turn                u - ring of the Telling Gods {Ice rElec rN+ Str+2 Dex-5}

@: flying
A: sickness immunity, fire resistance 2, cold vulnerability 1, float, innate
caster, HP casting, extra vitality 1, thin skeletal structure 1, agile 1, clever
1, deterioration 2, regeneration 1, weak 2, evolution 1, MP-powered wands
0: Orb of Zot
}: 6/15 runes: serpentine, barnacled, slimy, silver, iron, abyssal
a: Renounce Religion, Evoke the Staff of Dispater, Minor Destruction, Lesser
Servant of Makhleb, Major Destruction, Greater Servant of Makhleb


You escaped.
You worshipped Makhleb.
Makhleb was exalted by your worship.
You visited 13 branches of the dungeon, and saw 63 of its levels.
You visited the Abyss 1 time.
You visited 1 bazaar.
You also visited: Gauntlet and Ice Cave.

You collected 8109 gold pieces.
You spent 5933 gold pieces at shops.

Inventory:

Hand Weapons
 a - a +9 spectral scimitar
 b - the +4 staff of Dispater (weapon)
   (You took it off Dispater on level 7 of the Iron City of Dis)

   Wielding it grants the ability to hurl damnation at the cost of health and
   magic, with strength depending on Evocations skill.
Missiles
 q - 9 throwing nets
 A - 11 curare-tipped darts
Armour
 s - the +0 helmet of Dithmenos's Envy (worn) {rN+ Will+ Stlth+}
   (You bought it in a shop in a bazaar)

   rN:        It protects you from negative energy.
   Will:      It increases your willpower.
   Stlth:     It makes you more stealthy.
 w - the +4 dragonskin cloak (worn)
   (You took it off Tiamat on level 2 of the Realm of Zot)

   Avatar's Aegis: It grants the wearer a chance to resist fire, cold, poison,
   electricity, acid, and negative energy.
 C - +3 fire dragon scales (worn)
 D - a +8 tower shield of cold resistance (worn)
 E - the +5 scale mail "Sitikoru" {rC+}
   (You bought it in a shop on level 6 of the Dungeon)

   rC:        It protects you from cold.
 N - the +3 pair of gauntlets of War (worn) {Slay+5}
   (You bought it in a shop on level 3 of the Depths)

   Slay:      It affects your accuracy & damage with ranged weapons and melee
   (+5).
 W - the +4 tower shield of Noon {+Blink +Inv Will++ Int-2}
   (You acquired it on level 13 of the Dungeon)

   Int:       It affects your intelligence (-2).
   +Inv:      It lets you turn invisible.
   +Blink:    It lets you blink.
   Will:      It greatly increases your willpower.
Jewellery
 e - a ring of see invisible
 h - the ring "Ziuvosas" (left hand) {Str+6 Slay+4}
   (You took it off a yaktaur captain on level 5 of the Vaults)

   [ring of slaying]

   Str:       It affects your strength (+6).
   Slay:      It affects your accuracy & damage with ranged weapons and melee
   (+4).
 m - the ring "Leproqa" {Ice rN+}
   (You bought it in a shop on level 3 of the Snake Pit)

   [ring of ice]

   It enhances your ice magic.
   rF:        It makes you vulnerable to fire.
   rC:        It protects you from cold.
   rN:        It protects you from negative energy.
 n - the ring "Fut Dine" {Will++ AC+4 Int+3}
   (You found it on level 7 of the Iron City of Dis)

   [ring of protection]

   AC:        It affects your AC (+4).
   Int:       It affects your intelligence (+3).
   Will:      It greatly increases your willpower.
 u - the ring of the Telling Gods (right hand) {Ice rElec rN+ Str+2 Dex-5}
   (You took it off a merfolk impaler on level 1 of the Shoals)

   [ring of ice]

   It enhances your ice magic.
   Str:       It affects your strength (+2).
   Dex:       It affects your dexterity (-5).
   rF:        It makes you vulnerable to fire.
   rC:        It protects you from cold.
   rElec:     It insulates you from electricity.
   rN:        It protects you from negative energy.
 B - the ring of Timefirgh {Fly rF+ Str+3 Dex+3}
   (You took it off a deep elf demonologist on level 3 of the Elven Halls)

   [ring of flight]

   Str:       It affects your strength (+3).
   Dex:       It affects your dexterity (+3).
   rF:        It protects you from fire.
   Fly:       It grants you flight.
 V - a ring of fire
 X - the amulet "Keoc" (around neck) {Regen+ SInv}
   (You found it on level 3 of the Elven Halls)

   [amulet of regeneration]

   SInv:      It lets you see invisible.
   Regen:     It increases your rate of health regeneration.
Wands
 i - a wand of digging (8)
 k - a wand of flame (71)
 t - a wand of polymorph (18)
 x - a wand of light (3)
 H - a wand of iceblast (31)
 R - a wand of mindburst (5)
Scrolls
 o - 10 scrolls of teleportation
 F - 2 scrolls of silence
 G - 8 scrolls of fear
 K - 2 scrolls of magic mapping
 L - 6 scrolls of poison
 O - a scroll of butterflies
 P - 9 scrolls of immolation
 Q - 6 scrolls of fog
 U - 3 scrolls of torment
 Z - 8 scrolls of enchant weapon
Potions
 c - 11 potions of attraction
 g - 9 potions of ambrosia
 j - 8 potions of invisibility
 l - 3 potions of might
 r - 7 potions of lignification
 v - 4 potions of berserk rage
 z - 9 potions of heal wounds
 I - 9 potions of brilliance
 M - 4 potions of haste
 S - 5 potions of cancellation
 T - 3 potions of resistance
 Y - 15 potions of curing
Miscellaneous
 d - a condenser vane
 f - a phial of floods
 p - the horn of Geryon
 y - a phantom mirror
 J - a tin of tremorstones (2/2)


   Skills:
 * Level 23.9 Fighting
 - Level 14.0 Long Blades
 - Level 20.0 Armour
 - Level 21.0 Dodging
 - Level 10.0 Stealth
 - Level 20.0 Shields
 - Level 25.0 Spellcasting
 - Level 15.0 Invocations
 - Level 8.0 Evocations


You couldn't memorise any spells.
You knew the following spells:

 Your Spells              Type           Power      Damage    Failure   Level
a - Foxfire               Conj/Fire      100%       2x1d9     0%          1
b - Scorch                Fire           100%       2d10      0%          2
c - Kindle Blastsparks    Fire/Tloc/Air  100%       2d18      0%          3
d - Inner Flame           Hex/Fire       90%        N/A       0%          3
e - Flame Wave            Conj/Fire      90%        2d19      0%          4
f - Freeze                Ice            100%       1d10      0%          1
g - Searing Ray           Conj           100%       2d8       0%          2
h - Poisonous Vapours     Pois/Air       100%       N/A       0%          2
i - Summon Guardian Gole  Hex/Summ       90%        N/A       0%          3
j - Animate Dead          Necr           90%        N/A       0%          4
k - Summon Forest         Summ/Tloc      45%        N/A       0%          5
l - Dispersal             Tloc           45%        N/A       1%          6
m - Starburst             Conj/Fire      45%        6d13      1%          6
n - Death Channel         Necr           45%        N/A       1%          6
o - Lehudib's Crystal Sp  Conj/Erth      45%        10d11     1%          8
p - Haunt                 Necr/Summ      45%        N/A       1%          7
q - Shatter               Erth           45%        3d35*     32%         9
r - Fire Storm            Conj/Fire      45%        8d11      32%         9
Your spell library was empty.

Dungeon Overview and Level Annotations

Branches:
Dungeon (15/15)            Temple (0/1) D:6            Lair (5/5) D:9
 Shoals (4/4) Lair:3        Snake (4/4) Lair:3        Slime (5/5) Lair:4
    Orc (2/2) D:11            Elf (3/3) Orc:2        Vaults (5/5) D:13
  Crypt (3/3) Vaults:3       Tomb (0/3) Crypt:3      Depths (4/4) D:15
   Hell (visited)             Dis (7/7) Hell            Geh (0/7) Hell
    Coc (0/7) Hell            Tar (0/7) Hell            Zot (5/5) Depths:4
  IceCv (visited)         Gauntlet (visited)

Altars:
Cheibriados
Gozag
Makhleb
Okawaru
Qazlal
Ru
Trog
Uskayaw
Wu Jian
Yredelemnul
Zin
The Shining One
Jiyva

Shops:
D:6 ?[[*[   D:7 (:(   D:12 *   D:15 !   Orc:2 ([?*!   Elf:3 *   Snake:3 =:=
Snake:4 :!   Vaults:3 :   Depths:1 ?[   Depths:3 ([

Portals:
Hell: Depths:1 Depths:2 Depths:3 Depths:4
Abyss: Depths:3
Pandemonium: Depths:2 Depths:3
Ziggurat: Depths:2

Annotations:
D:3 exclusion: door
D:6 1 runed translucent door, Crazy Yiuf
D:7 exclusion: downstairs
Lair:1 exclusion: downstairs
Vaults:4 1 transporter, Ruyty's ghost, adept DsGl


Innate Abilities, Weirdness & Mutations

You are immune to sickness and miasma.
You are immune to poison.
Your flesh is very heat resistant. (rF++)
You are vulnerable to cold. (rC-)
You float through the air rather than walking.
You learn spells naturally, not from books.
Your magical power is your life essence.
You have superior vitality. (+4 MHP)
You have a somewhat thin skeletal structure. (Dex +2, Stealth+)
You are agile. (Dex +4, Str/Int -1)
Your mind is acute. (Int +4, Str/Dex -1)
Your body often deteriorates upon taking damage.
Your natural rate of healing is unusually fast.
You are very weak. (Str -4)
You have hidden genetic potential.
You expend health (3 HP) to strengthen your wands.


Message History

The glowing orange brain dies!
Makhleb accepts your kill.
You feel your dexterity returning.
There is a stone staircase leading up here.
You fly upwards.
Your summoned allies are left behind.
There is a stone staircase leading down here.
(D) Dungeon (T) Temple (L) Lair (A) Shoals (P) Snake Pit (M) Slime Pits (O) Orcish Mines (E) Elven Halls (V) Vaults (C) Crypt (W) Tomb (U) Depths (H) Hell (I) Dis (G) Gehenna (X) Cocytus (Y) Tartarus (Z) Zot
Where to? (Enter - D:1, ? - help)
There is a stone staircase leading up here.
You fly upwards.
There is a stone staircase leading down here.
There is a stone staircase leading up here.
You fly upwards.
Level annotation: exclusion: door
There is a stone staircase leading down here.
There is a stone staircase leading up here.
You fly upwards.
There is a stone staircase leading down here.
There is a stone staircase leading up here.
You fly upwards.
There is a stone staircase leading down here.
Unknown command.
There is an open door here.
Aiming: Dig
Press: ? - help, Shift-Dir - straight line A rock wall.
This square is covered in magical glow.
You feel a surge of power!
The rock shatters into small pieces.
You reach down and open the door.
There is an open door here.
There is an open door here.
There is a staircase leading out of the dungeon here.
Unknown command.
Okay, then.
Unknown command.
You have escaped!

#.# #.#.............†...
#.#####.#.................
#.##...########...........
#.##...########...........
#..'...'..................
####...##.##.#############
#.####'##..# #..##♣.♣##.#
##.+..@..+.# ####≈~~####


#PPP# ################### #................ #.############### #.# #...... #.#
#.##### #.# #.# There were no monsters in sight!

Vanquished Creatures
  Dissolution (Slime:4)
  the Royal Jelly (Slime:5)
  Dispater (Dis:7)
  10 orbs of fire
  Mennas (Crypt:3)
  Mara (Depths:1)
  2 juggernauts
  Boris (Crypt:2)
  Bai Suzhen (Crypt:1)
  Margery (Crypt:3)
  Vashnia (Snake:4)
  10 caustic shrikes
  4 Killer Klowns
  5 curse toes
  12 golden dragons
  The ghost of Wicel the Warrior, an adept MiBe of Trog (Elf:1)
  A Brimstone Fiend (D:7)
  The ghost of Hutsabit the Convoker, an adept DrFE of Nemelex Xobeh (Elf:1)
  An iron giant (Dis:7)
  3 bone dragons (Crypt:2)
  7 electric golems
  A hellephant (Hell)
  The ghost of Diaqofic the Fetichist, an adept GnAr of Dithmenos (Elf:1)
  29 tentacled monstrosities
  11 Hell Sentinels
  Rupert (Lair:5)
  An Ice Fiend (D:9)
  2 liches
  Asterion (Depths:2)
  26 Orb Guardians
  A shard shrike skeleton (Crypt:2)
  9 death cobs
  2 deep elf master archers (Elf:3)
  3 deep elf blademasters
  6 quicksilver dragons
  Gastronok (Lair:2)
  6 titans (Vaults:5)
  20 acid blobs
  2 krakens
  6 sphinxes
  3 Executioners
  Kirke (Snake:4)
  27 ancient champions
  12 tengu reavers
  9 draconian monks
  3 revenants
  11 shadow dragons
  The ghost of Eciono the Covert, an adept GnDe of Okawaru (Elf:1)
  A thorn hunter (Abyss:3)
  The ghost of Cyetsa the Severer, an adept FoFi of Okawaru (D:15)
  5 rockslimes (Slime:5)
  11 draconian knights
  13 azure jellies
  14 storm dragons
  6 nagarajas
  The ghost of Tunif the Eclecticist, an adept DEFE of Vehumet (D:15)
  14 vault wardens
  5 deep elf sorcerers
  14 iron dragons
  2 ghost moths
  A quicksilver elemental (Dis:7)
  4 frost giants
  6 fire giants
  7 draconian shifters
  6 curse skulls
  A balrug (Hell)
  A deep elf elementalist (Elf:3)
  9 draconian stormcallers
  18 very ugly things
  5 draconian scorchers
  4 orc warlords
  12 ghouls
  6 reapers
  29 war gargoyles
  2 cacodemons
  14 quicksilver oozes
  14 ironbound preservers
  16 stone giants
  A caustic shrike skeleton (Crypt:2)
  11 draconian annihilators
  2 juggernaut skeletons (Crypt:2)
  The ghost of Opizon the Basher, a journeyman TrFi of Ashenzari (Elf:1)
  4 ironbound thunderhulks
  8 vampire knights
  5 deep elf demonologists
  13 black draconians
  19 green draconians
  2 lorocyprocas (Hell)
  A wendigo (Hell)
  8 deep elf annihilators
  12 red draconians
  11 white draconians
  Nessos (D:14)
  14 purple draconians
  12 dire elephants
  5 spark wasps
  13 yellow draconians
  2 minotaurs
  8 eidola
  2 quicksilver dragon zombies
  8 iron golems
  7 deep elf death magi
  2 mummy priests (Crypt:3)
  10 ettins
  4 fire dragons
  6 merfolk javelineers (Shoals:4)
  10 merfolk impalers
  A shambling mangrove (Abyss:3)
  12 yaktaur captains
  2 blizzard demons
  4 salamander tyrants (Snake:4)
  A pearl dragon skeleton (Crypt:2)
  13 jiangshi
  9 great orbs of eyes
  A spriggan zombie (Depths:3)
  6 deep elf high priests
  3 ice dragons
  3 entropy weavers
  36 vault guards
  2 peacekeepers (Vaults:3)
  A quicksilver dragon skeleton (Crypt:2)
  2 merfolk avatars
  5 hydras
  A hell beast (Depths:1)
  An ogre mage (D:15)
  2 rakshasas (Abyss:3)
  12 centaur warriors
  2 merfolk aquamancers
  7 ironbound frosthearts
  3 spriggan air magi
  An alligator snapping turtle (Shoals:2)
  9 anacondas
  5 boulder beetles
  21 dancing weapons
  11 two-headed ogres
  A catoblepas (D:15)
  18 naga warriors
  2 death knights
  3 satyrs
  7 death yaks
  4 tengu warriors
  9 vampire magi
  10 deep troll earth magi
  3 deep troll shamans
  A thrashing horror (Abyss:3)
  9 hell hogs
  2 spriggan berserkers
  9 hell knights
  A titan zombie (Crypt:3)
  3 shock serpents
  6 soul eaters
  8 sun demons
  5 orc high priests (Orc:2)
  19 naga sharpshooters
  4 crystal echidnas
  2 storm dragon zombies
  26 deep elf knights
  2 spriggans (Depths:2)
  Amaemon (Lair:2)
  A hellephant skeleton (Crypt:2)
  4 salamander mystics
  9 shadow wraiths
  4 iron trolls
  A quicksilver dragon simulacrum (Depths:1)
  A sixfirhy (Hell)
  A storm dragon skeleton (Hell)
  3 titan skeletons
  23 skeletal warriors
  53 deep trolls
  A bog body (Crypt:2)
  5 flayed ghosts
  11 sea snakes
  5 glowing orange brains
  5 lindwurms
  6 naga ritualists (Snake:4)
  13 orc knights
  10 necromancers
  25 harpies
  14 ironbound convokers
  10 deep elf archers
  7 wizards
  4 anaconda skeletons (Crypt:2)
  19 phantasmal warriors
  A shadow dragon zombie (Crypt:3)
  28 deep elf zephyrmancers
  23 deep elf pyromancers
  A shining eye (shapeshifter) (Elf:3)
  18 ugly things
  7 mana vipers
  A wolf spider (Vaults:5)
  19 salamanders
  3 tengu skeletons
  2 orange crystal statues
  7 cyclopes
  A manticore (shapeshifter) (Vaults:5)
  9 manticores
  A shadow dragon skeleton (Crypt:2)
  A stone giant zombie (Depths:1)
  3 orc sorcerers
  5 fauns
  5 worldbinders (Abyss:3)
  A centaur zombie (Hell)
  24 elephants
  An eleionoma skeleton (Crypt:2)
  25 moths of wrath
  9 guardian serpents
  A toenail golem (D:11)
  11 merfolk sirens
  32 black mambas
  2 apocalypse crabs (Shoals:1)
  4 eyes of devastation
  4 centaur skeletons
  17 vault sentinels
  9 water nymphs
  An elephant (shapeshifter) (Elf:1)
  2 demonic crawlers (Hell)
  11 rust devils
  12 cane toads
  A fire giant skeleton (Depths:3)
  2 gargoyles
  13 naga magi
  2 smoke demons (Abyss:3)
  A torpor snail (Lair:2)
  3 orange demons
  2 unseen horrors
  A dire elephant skeleton (Crypt:2)
  A purple draconian zombie (Crypt:3)
  A komodo dragon (shapeshifter) (Vaults:5)
  An efreet (Abyss:3)
  3 tormentors
  27 yaktaurs
  A spark wasp simulacrum (Depths:2)
  4 tengu conjurers
  10 rime drakes
  9 guardian mummies (Crypt:3)
  9 komodo dragons
  An alligator snapping turtle skeleton (Crypt:2)
  3 freezing wraiths
  A green draconian skeleton (Crypt:3)
  9 polar bears (Lair:5)
  An ice devil (Hell)
  An iron troll skeleton (Crypt:3)
  10 wind drakes
  9 trolls
  32 merfolk
  A meliai (shapeshifter) (Vaults:1)
  A queen bee (D:15)
  6 meliai
  8 raiju
  5 hornets
  Prince Ribbit (D:5)
  34 dream sheep
  A human simulacrum (Vaults:3)
  A jumping spider zombie (Crypt:2)
  33 blink frogs
  13 snapping turtles
  4 large abominations
  An ettin skeleton (Depths:2)
  A black mamba zombie (Crypt:3)
  An alligator skeleton (Crypt:3)
  A culicivora (shapeshifter) (Elf:3)
  134 slime creatures
  11 flying skulls
  13 water elementals
  3 air elementals (Elf:1)
  2 vampires
  A black mamba skeleton (Crypt:2)
  3 shadows
  7 wraiths
  A ynoxinul (Abyss:1)
  An ushabti (Crypt:3)
  34 yaks
  11 wyverns
  5 golden eyes
  14 basilisks
  6 hogs (Snake:4)
  3 redbacks
  7 fire elementals
  8 vampire mosquitoes
  A basilisk (shapeshifter) (Vaults:5)
  44 nagas
  6 wargs
  A demonspawn zombie (Crypt:1)
  2 two-headed ogre zombies
  2 acid dragons (D:9)
  3 glowing shapeshifter zombies
  A hydra simulacrum (Hell)
  A glowing shapeshifter skeleton (Depths:3)
  Duvessa (D:4)
  12 water moccasins
  A nameless horror (Vaults:5)
  A small abomination (Abyss:3)
  2 floating eyes
  20 hell hounds
  14 orc warriors
  12 black bears
  5 great orb of eyes simulacra (IceCv)
  A lindwurm zombie (Crypt:2)
  10 ogres
  13 wolves (Lair:5)
  5 centaurs
  A vine stalker zombie (Crypt:1)
  A komodo dragon zombie (Crypt:3)
  4 slime creature simulacra (IceCv)
  12 bullfrogs
  5 kobold brigands
  2 gnoll sergeants (D:11)
  3 earth elementals
  4 necrophages
  A scorpion (D:6)
  A glowing shapeshifter simulacrum (IceCv)
  A cyclops zombie (Crypt:1)
  9 wights (D:8)
  Dowan (D:4)
  14 killer bees (D:15)
  5 spriggan skeletons (D:13)
  5 electric eels (Lair:2)
  5 howler monkeys
  A troll skeleton (D:13)
  A gnoll bouda (D:5)
  25 orc priests
  4 hounds
  4 iguanas
  9 orc wizards
  8 hell rats
  A lightning spire (Gauntlet)
  A killer bee zombie (Crypt:3)
  A sky beast zombie (Crypt:3)
  16 gnolls
  6 adders
  A shadow imp (D:6)
  2 white imps
  7 ufetubi
  A worm (D:3)
  2 dart slugs
  58 orcs
  7 endoplasms
  A giant cockroach (D:4)
  A hobgoblin (D:4)
  3 jackals
  10 kobolds
  2 quokkas
  7 ball pythons
  A bat (D:3)
  A frilled lizard (D:1)
  10 goblins
  3 rats
  A creeping inferno (Hell)
  A fire vortex (Hell)
  2 snaplasher vines (Lair:5)
  5 tentacles
2542 creatures vanquished.

Vanquished Creatures (collateral kills)
  A dread lich (Zot:5)
  Tiamat (Zot:2)
  2 orbs of fire (Zot:5)
  3 juggernauts
  Parghit (Depths:3)
  2 caustic shrikes (Dis:7)
  Geryon (Hell)
  The ghost of Foybonoth the Executioner, an adept MiFi of Okawaru (Elf:1)
  4 iron giants
  A walking crystal tome (Depths:2)
  A tentacled monstrosity (Zot:1)
  An Orb Guardian (Zot:5)
  4 Hell Sentinels
  A lich (Vaults:5)
  Mlioglotl (Snake:3)
  An acid blob (Slime:2)
  8 ancient champions
  A shadow dragon (Vaults:5)
  2 storm dragons
  A rockslime (IceCv)
  An azure jelly (Slime:5)
  5 quicksilver elementals
  3 deep elf sorcerers
  2 iron dragons
  A vault warden (Vaults:3)
  4 draconian shifters
  3 ironbound preservers
  2 cacodemons (Zot:1)
  A deep elf elementalist (Elf:3)
  An ironbound thunderhulk (Vaults:2)
  A draconian annihilator (Zot:4)
  An orc warlord (Vaults:1)
  A stone giant (Vaults:2)
  8 war gargoyles
  2 deep elf demonologists
  4 very ugly things
  2 vampire knights
  2 dire elephants
  2 black draconians
  A yellow draconian (Zot:5)
  A white draconian (Zot:1)
  2 purple draconians
  4 deep elf annihilators
  4 iron golems
  4 deep elf death magi
  A mummy priest (Crypt:3)
  3 merfolk impalers (Shoals:4)
  An ettin (Vaults:5)
  4 slime creatures
  An entropy weaver (Vaults:4)
  A deep elf high priest (Elf:3)
  2 merfolk javelineers (Shoals:4)
  3 yaktaur captains
  A hell beast (Depths:4)
  An ice dragon (Depths:4)
  2 centaur warriors (Vaults:1)
  A vault guard (Vaults:5)
  An ironbound frostheart (Vaults:1)
  An alligator snapping turtle (Shoals:4)
  2 catoblepae (Lair:5)
  A spriggan air mage (Depths:4)
  4 ogre magi
  3 dancing weapons
  A merfolk aquamancer (Shoals:4)
  A satyr (Shoals:4)
  A two-headed ogre (D:13)
  A vampire mage (Crypt:2)
  2 hell hogs (Hell)
  2 hell knights (Vaults:5)
  An orc high priest (Orc:2)
  8 deep elf knights
  3 crystal echidnas (Dis:7)
  A sea snake (Shoals:4)
  A glowing orange brain (D:6)
  15 deep trolls
  A lindwurm (Lair:5)
  A harpy (Vaults:2)
  An ironbound convoker (Vaults:2)
  2 deep elf pyromancers (Elf:1)
  A necromancer (Vaults:5)
  6 deep elf zephyrmancers
  3 deep elf archers (Elf:1)
  A manticore (Shoals:4)
  2 cyclopes
  6 shining eyes
  An orc sorcerer (Orc:1)
  2 fauns (Shoals:3)
  3 moths of wrath (Zot:1)
  2 ugly things
  A merfolk siren (Shoals:4)
  A stone giant skeleton (Vaults:3)
  A water nymph (Shoals:4)
  2 vault sentinels
  A hellion (Dis:2)
  A yaktaur zombie (Vaults:3)
  8 yaktaurs
  A tormentor (Dis:5)
  A guardian mummy (Crypt:3)
  5 merfolk (Shoals:4)
  A wind drake (Shoals:4)
  A troll (Orc:1)
  5 dream sheep
  A snapping turtle (Shoals:4)
  A water elemental (Abyss:3)
  A hog (Snake:4)
  3 golden eyes
  A warg (Orc:2)
  A floating eye (Depths:2)
  An orc warrior (Orc:2)
  A human zombie (Vaults:3)
  An ettin simulacrum (Vaults:3)
  A black mamba simulacrum (Hell)
  A nameless horror (Zot:1)
  8 orc priests (Orc:2)
  An orc wizard (Orc:2)
  3 hell rats (Hell)
  A swamp drake skeleton (Crypt:2)
  24 orcs
  5 hobgoblins (Orc:1)
  An endoplasm zombie (Crypt:2)
  32 foxfires
319 creatures vanquished.

Vanquished Creatures (others)
  A quicksilver dragon (Zot:3)
  The ghost of Liciumn the Fighter, an adept DEAE of Qazlal (Elf:1)
  A draconian scorcher (Zot:4)
  A draconian annihilator (Zot:1)
  A green draconian (Zot:1)
  A white draconian (Zot:4)
  2 purple draconians (Zot:4)
  A fire dragon (Depths:1)
  A hydra (Lair:3)
  A merfolk aquamancer (Shoals:4)
  A two-headed ogre (D:10)
  A vampire mage (Crypt:1)
  A sun demon (Hell)
  A deep elf knight (Elf:3)
  A shadow wraith (Crypt:3)
  A mana viper (Snake:2)
  A will-o-the-wisp (Depths:3)
  A storm dragon simulacrum (Hell)
  A shadow dragon simulacrum (Hell)
  4 water elementals
  An air elemental (Elf:3)
  A wyvern (D:9)
  A basilisk (D:9)
  2 harpy simulacra (Hell)
  A hell rat (Hell)
  An orc (Vaults:5)
  15 ball lightnings (Elf:3)
  1428 foxfires
  31 fungi
  163 plants
  31 snaplasher vines
  6 tentacles
  5 withered plants (D:15)
1710 creatures vanquished.

Grand Total: 4571 creatures vanquished

Notes
Turn   | Place    | Note
-------+----------+-------------------------------------------
     0 | D:1      | browni3141 the Djinni Fire Elementalist began the quest for
                  | the Orb.
     0 | D:1      | browni3141 set off with the following spells memorised:
                  | Foxfire, Scorch, Kindle Blastsparks, Inner Flame, Flame
                  | Wave.
     0 | D:1      | Reached XP level 1. HP: 15/15 MP: 0/0
   155 | D:1      | Reached skill level 1 in Fighting
   195 | D:1      | Reached XP level 2. HP: 21/22 MP: 0/0
  1046 | D:2      | Reached XP level 3. HP: 26/28 MP: 0/0
  1046 | D:2      | Learned a level 1 spell: Freeze
  1476 | D:2      | Reached skill level 3 in Spellcasting
  1716 | D:3      | Identified 2 scrolls of acquirement
  1716 | D:3      | Acquired the +1 helmet "Hyaterot" {Dex+4}
  1792 | D:3      | Acquired a manual of Dodging
  2243 | D:3      | Reached XP level 4. HP: 31/33 MP: 0/0
  2455 | D:3      | Reached XP level 5. HP: 37/38 MP: 0/0
  2455 | D:3      | Learned a level 2 spell: Searing Ray
  2604 | D:3      | Reached skill level 4 in Spellcasting
  3072 | D:4      | Noticed Dowan
  3446 | D:4      | Noticed Duvessa
  3468 | D:5      | Entered Level 5 of the Dungeon
  3517 | D:5      | Found a burning altar of Makhleb.
  3521 | D:5      | Reached XP level 6. HP: 42/45 MP: 0/0
  3524 | D:5      | Became a worshipper of Makhleb the Destroyer
  3606 | D:5      | Found a snail-covered altar of Cheibriados.
  3983 | D:5      | Reached XP level 7. HP: 47/50 MP: 0/0
  3983 | D:5      | Learned a level 2 spell: Poisonous Vapours
  3998 | D:5      | Noticed Prince Ribbit
  4003 | D:5      | Killed Prince Ribbit
  4004 | D:5      | Reached skill level 5 in Spellcasting
  4021 | D:5      | Reached * piety under Makhleb
  4509 | D:5      | Reached skill level 6 in Spellcasting
  4509 | D:5      | Reached XP level 8. HP: 40/56 MP: 0/0
  4666 | D:5      | Found an iron altar of Okawaru.
  5397 | D:4      | Killed Duvessa
  5398 | D:4      | Reached skill level 1 in Long Blades
  5398 | D:4      | Reached skill level 1 in Armour
  5408 | D:4      | Killed Dowan
  5610 | D:6      | Found Lecuihof's Assorted Antiques.
  5626 | D:6      | Bought a bronze scale mail for 216 gold pieces
  5626 | D:6      | Identified the +5 scale mail "Sitikoru" {rC+} (You bought
                  | it in a shop on level 6 of the Dungeon)
  5720 | D:6      | Found Ymyidd's Antique Armour Boutique.
  5733 | D:6      | Found Lelearum's Armour Emporium.
  5774 | D:6      | Found a runed translucent door.
  5775 | D:6      | Noticed Crazy Yiuf
  5791 | D:6      | Reached skill level 5 in Dodging
  6108 | D:6      | Found Xeopn's Magic Scroll Shop.
  6116 | D:6      | Bought a scroll of butterflies for 48 gold pieces
  6116 | D:6      | Bought a scroll of fear for 48 gold pieces
  6294 | D:6      | Found a glowing silver altar of Zin.
  6294 | D:6      | Noticed an angel
  6332 | D:6      | Found a staircase to the Ecumenical Temple.
  6559 | D:6      | Found Bieschass's Armour Shoppe.
  6842 | D:7      | Reached skill level 1 in Shields
  6947 | D:7      | Found Viynn's Weapon Shop.
  7023 | D:7      | Noticed a two-headed ogre
  7054 | D:7      | Killed a two-headed ogre
  7055 | D:7      | Reached XP level 9. HP: 44/60 MP: 0/0
  7055 | D:7      | Learned a level 3 spell: Summon Guardian Golem
  7285 | D:7      | Found Hakecu's Antique Weapon Shoppe.
  7327 | D:7      | Found Zuqoibb's Distillery.
  7349 | D:7      | Found Ingi's Book Boutique.
  7662 | D:7      | Reached skill level 7 in Spellcasting
  7757 | D:8      | Reached XP level 10. HP: 62/67 MP: 0/0
  7804 | D:8      | Found a glowing golden altar of the Shining One.
  8038 | D:8      | Noticed a two-headed ogre
  8168 | D:8      | Killed a two-headed ogre
  8169 | D:8      | Reached skill level 8 in Spellcasting
  8207 | D:8      | Reached ** piety under Makhleb
  8713 | D:9      | Reached skill level 5 in Shields
  9658 | D:9      | Noticed a komodo dragon
  9677 | D:9      | Killed a komodo dragon
  9678 | D:9      | Reached skill level 5 in Fighting
  9678 | D:9      | Reached skill level 5 in Armour
  9714 | D:9      | Found a staircase to the Lair.
  9764 | D:9      | Reached XP level 11. HP: 61/75 MP: 0/0
  9764 | D:9      | Learned a level 4 spell: Animate Dead
  9916 | D:10     | Entered Level 10 of the Dungeon
  9977 | D:10     | Reached skill level 5 in Long Blades
 10206 | D:10     | Noticed a two-headed ogre
 10218 | D:10     | Killed a two-headed ogre
 10676 | D:10     | Noticed a two-headed ogre
 10681 | D:10     | Killed a two-headed ogre
 11393 | D:11     | Found a staircase to the Orcish Mines.
 11549 | D:11     | Noticed a cyclops
 11560 | D:11     | Killed a cyclops
 11591 | D:11     | Noticed a deep elf pyromancer
 11596 | D:11     | Killed a deep elf pyromancer
 11676 | D:11     | Reached XP level 12. HP: 78/85 MP: 0/0
 11678 | D:11     | Reached *** piety under Makhleb
 11779 | D:11     | Noticed a two-headed ogre
 11789 | D:11     | Killed a two-headed ogre
 11862 | D:11     | Noticed a boulder beetle
 11886 | D:11     | Killed a boulder beetle
 11921 | D:11     | Found a stormy altar of Qazlal.
 12465 | Lair:1   | Entered Level 1 of the Lair of Beasts
 12476 | Lair:1   | Reached skill level 9 in Spellcasting
 12839 | Lair:1   | Identified the +3 ring mail "Nanat" {rElec Regen+}
 13017 | Lair:1   | Reached skill level 10 in Spellcasting
 13458 | D:6      | Bought a runed tower shield for 187 gold pieces
 13529 | D:6      | Bought a +1 cloak of preservation for 198 gold pieces
 13727 | Lair:1   | Reached **** piety under Makhleb
 13780 | Lair:2   | Noticed Gastronok
 13820 | Lair:2   | Killed Gastronok
 13821 | Lair:2   | Reached XP level 13. HP: 90/90 MP: 0/0
 13821 | Lair:2   | Learned a level 5 spell: Summon Forest
 13924 | Lair:2   | Noticed Amaemon
 14101 | Lair:2   | Found a hide-covered altar of Uskayaw.
 14102 | Lair:2   | Found an ornate altar of the Wu Jian Council.
 14286 | Lair:2   | Reached skill level 11 in Spellcasting
 14540 | Lair:2   | Killed Amaemon
 14602 | Lair:2   | Reached skill level 10 in Dodging
 14711 | Lair:3   | Reached ***** piety under Makhleb
 14761 | Lair:3   | Reached skill level 10 in Fighting
 14802 | Lair:3   | Reached XP level 14. HP: 91/103 MP: 0/0
 14928 | Lair:3   | Found a staircase to the Snake Pit.
 15253 | Lair:3   | Reached skill level 12 in Spellcasting
 15517 | Lair:3   | Found a staircase to the Shoals.
 15534 | Lair:3   | You are sucked into a shaft and drop 1 floor!
 15600 | Lair:4   | Found a viscous altar of Jiyva.
 15601 | Lair:4   | Found a staircase to the Slime Pits.
 15742 | Lair:4   | Found a runed translucent door.
 16085 | Lair:4   | Reached skill level 13 in Spellcasting
 16337 | Lair:4   | Noticed a minotaur
 16348 | Lair:4   | Killed a minotaur
 16609 | Shoals:1 | Entered Level 1 of the Shoals
 17325 | Lair:5   | Entered Level 5 of the Lair of Beasts
 17567 | Lair:5   | Reached ****** piety under Makhleb
 17589 | Lair:5   | Reached XP level 15. HP: 107/107 MP: 0/0
 17589 | Lair:5   | Learned a level 6 spell: Dispersal
 17850 | Lair:5   | Reached skill level 14 in Spellcasting
 18265 | Lair:5   | Noticed Rupert
 18414 | Lair:5   | Killed Rupert
 18752 | Lair:5   | Reached skill level 15 in Spellcasting
 19323 | Orc:1    | Entered Level 1 of the Orcish Mines
 19412 | D:7      | Bought a +5 scimitar of venom for 381 gold pieces
 20095 | Orc:2    | Entered Level 2 of the Orcish Mines
 20140 | Orc:2    | Found a staircase to the Elven Halls.
 20240 | Orc:2    | Found Qeukhlixi's Weapon Boutique.
 20307 | Orc:2    | Reached XP level 16. HP: 77/113 MP: 0/0
 20602 | Orc:2    | Found Ademnyneiru's Distillery.
 20602 | Orc:2    | Found Roizuik's General Store.
 20702 | Orc:2    | Found Poshy's Antique Armour Boutique.
 20702 | Orc:2    | Found Nosonn's Magic Scroll Emporium.
 20975 | Orc:2    | Bought a scroll of silence for 152 gold pieces
 20975 | Orc:2    | Bought a scroll of blinking for 120 gold pieces
 21015 | Orc:2    | Bought a potion of berserk rage for 55 gold pieces
 21015 | Orc:2    | Bought a potion of heal wounds for 55 gold pieces
 21015 | Orc:2    | Bought 3 potions of brilliance for 132 gold pieces
 21024 | Orc:2    | Bought a scroll of enchant armour for 112 gold pieces
 21240 | D:12     | Found Mynoero's General Store.
 21819 | D:13     | Found a gate leading to a gauntlet.
 21828 | Gauntlet | Entered a Gauntlet
 21828 | Gauntlet | Found a transporter.
 21828 | Gauntlet | Found a transporter.
 21841 | Gauntlet | Found a transporter.
 21858 | Gauntlet | Found a transporter.
 21858 | Gauntlet | Found a transporter.
 21862 | Gauntlet | Found a transporter.
 21862 | Gauntlet | Found a transporter.
 21864 | Gauntlet | Found a transporter.
 21877 | Gauntlet | Found a transporter.
 21882 | Gauntlet | Found a runed translucent door.
 21889 | Gauntlet | Found a transporter.
 21899 | Gauntlet | Found a transporter.
 21913 | Gauntlet | Found a transporter.
 21933 | Gauntlet | Found a transporter.
 21941 | Gauntlet | Found a runed translucent door.
 21941 | Gauntlet | Found a runed translucent door.
 21945 | Gauntlet | Found a transporter.
 22006 | Gauntlet | Identified the +1 robe of Wasted Space {rElec}
 22091 | Gauntlet | Paralysed by a floating eye for 4 turns
 22653 | D:13     | Found a gate to the Vaults.
 23252 | D:13     | Acquired the +4 tower shield of Noon {+Blink +Inv Will++
                  | Int-2}
 23376 | D:14     | Reached skill level 15 in Dodging
 23729 | D:14     | Noticed Nessos
 23740 | D:14     | Killed Nessos
 23914 | D:15     | Entered Level 15 of the Dungeon
 24006 | D:15     | Found a runed translucent gate.
 24006 | D:15     | Found a runed translucent gate.
 24006 | D:15     | Found a runed translucent gate.
 24007 | D:15     | Noticed Tunif's ghost (adept DEFE)
 24008 | D:15     | Noticed Cyetsa's ghost (adept FoFi)
 24293 | D:15     | Found a staircase to the Depths.
 24352 | D:15     | Found Saulaem's Distillery.
 24369 | D:15     | Bought a potion of heal wounds for 85 gold pieces
 25094 | D:15     | Killed Tunif's ghost
 25095 | D:15     | Reached skill level 10 in Long Blades
 25095 | D:15     | Reached skill level 16 in Spellcasting
 25106 | D:15     | Killed Cyetsa's ghost
 25129 | D:15     | Acquired a manual of Fighting
 25458 | Snake:1  | Entered Level 1 of the Snake Pit
 25507 | Snake:1  | Reached XP level 17. HP: 113/119 MP: 0/0
 25507 | Snake:1  | Learned a level 6 spell: Starburst
 26415 | Snake:2  | Found a frozen archway.
 26583 | IceCv    | Entered an ice cave
 27457 | IceCv    | Found a viscous altar of Jiyva.
 28696 | Snake:3  | Reached XP level 18. HP: 134/137 MP: 0/0
 28991 | Snake:3  | Reached skill level 15 in Fighting
 28998 | Snake:3  | Found Athragiso's Jewellery Shop.
 28998 | Snake:3  | Found Rooxzuk's Book Emporium.
 28999 | Snake:3  | Found Urujut's Jewellery Shop.
 29664 | Snake:3  | Bought an amulet of regeneration for 480 gold pieces
 29713 | Snake:4  | Entered Level 4 of the Snake Pit
 29825 | Snake:4  | Noticed Mlioglotl
 29853 | Snake:3  | Killed Mlioglotl
 29941 | Snake:4  | Found Cokoriwn's Distillery.
 29970 | Snake:4  | Noticed Kirke
 29984 | Snake:4  | Killed Kirke
 30347 | Snake:4  | Noticed Vashnia
 30366 | Snake:4  | Killed Vashnia
 30444 | Snake:4  | Got a serpentine rune of Zot
 30456 | Snake:4  | Reached skill level 17 in Spellcasting
 30616 | Snake:4  | Reached XP level 19. HP: 143/143 MP: 0/0
 30616 | Snake:4  | Learned a level 6 spell: Death Channel
 30697 | Snake:4  | Found Badwa's Book Emporium.
 31242 | Shoals:1 | Reached skill level 1 in Invocations
 31291 | Shoals:1 | Identified the ring of the Telling Gods {Ice rElec rN+
                  | Str+2 Dex-5}
 31294 | Shoals:1 | Noticed a tentacled monstrosity
 31446 | Shoals:1 | Reached skill level 1 in Evocations
 32143 | Shoals:1 | Killed a tentacled monstrosity
 32597 | Shoals:2 | Reached skill level 5 in Invocations
 33101 | Shoals:3 | Reached skill level 5 in Evocations
 33428 | Shoals:3 | Reached XP level 20. HP: 151/151 MP: 0/0
 33843 | Shoals:4 | Entered Level 4 of the Shoals
 34412 | Shoals:4 | Identified the +1 helmet of the Fiend {rPois rN+}
 34517 | Shoals:4 | Identified the +3 plate armour "Jaohoeg" {Drain +Blink
                  | rPois Int+4}
 34575 | Shoals:4 | Got a barnacled rune of Zot
 35270 | Vaults:1 | Entered Level 1 of the Vaults
 35604 | Vaults:1 | Reached skill level 18 in Spellcasting
 36493 | Vaults:1 | Reached XP level 21. HP: 157/157 MP: 0/0
 36493 | Vaults:1 | Learned a level 8 spell: Lehudib's Crystal Spear
 36943 | Vaults:2 | Found a flickering gateway to a bazaar.
 36963 | Bazaar   | Entered a bazaar
 36979 | Bazaar   | Found Denath's Book Emporium.
 36980 | Bazaar   | Found Veumelu's Assorted Antiques.
 37023 | Bazaar   | Found Muylay's General Store.
 37023 | Bazaar   | Found Wygigeun's Assorted Antiques.
 37045 | Bazaar   | Bought a scroll of teleportation for 66 gold pieces
 37057 | Bazaar   | Bought a potion of heal wounds for 55 gold pieces
 37057 | Bazaar   | Bought the +0 helmet of Dithmenos's Envy {rN+ Will+ Stlth+}
                  | for 265 gold pieces
 37057 | Bazaar   | Bought a potion of lignification for 33 gold pieces
 37150 | Vaults:2 | Reached skill level 10 in Shields
 38044 | Vaults:3 | Reached skill level 10 in Invocations
 38134 | Vaults:3 | Found a staircase to the Crypt.
 38415 | Vaults:3 | Found Wophec's Book Shop.
 38621 | Vaults:3 | Reached XP level 22. HP: 143/166 MP: 0/0
 40265 | Vaults:4 | Found a transporter.
 40268 | Vaults:4 | Found a bloodstained altar of Trog.
 40278 | Vaults:4 | Found a transporter.
 40280 | Vaults:4 | Noticed Ruyty's ghost (adept DsGl)
 40422 | Vaults:4 | Reached skill level 15 in Shields
 40961 | Elf:1    | Entered Level 1 of the Elven Halls
 41158 | Elf:1    | You are sucked into a shaft and drop 1 floor!
 41231 | Elf:2    | Found a runed translucent gate.
 41231 | Elf:2    | Found a runed translucent gate.
 41231 | Elf:2    | Found a runed translucent gate.
 41279 | Elf:2    | Reached XP level 23. HP: 172/172 MP: 0/0
 41279 | Elf:2    | Learned a level 7 spell: Haunt
 41409 | Elf:2    | Reached skill level 10 in Armour
 41719 | Elf:1    | Paralysed by an air elemental for 1 turns
 41943 | Elf:1    | Found a huge runed gate.
 41943 | Elf:1    | Found a huge runed gate.
 41943 | Elf:1    | Found a huge runed gate.
 41943 | Elf:1    | Found a huge runed gate.
 41943 | Elf:1    | Found a huge runed gate.
 41943 | Elf:1    | Found a huge runed gate.
 41949 | Elf:1    | Found a huge runed gate.
 41949 | Elf:1    | Found a huge runed gate.
 41949 | Elf:1    | Found a huge runed gate.
 41949 | Elf:1    | Found a huge runed gate.
 41954 | Elf:1    | Found a huge runed gate.
 41954 | Elf:1    | Found a huge runed gate.
 41954 | Elf:1    | Found a huge runed gate.
 41954 | Elf:1    | Found a huge runed gate.
 41954 | Elf:1    | Found a huge runed gate.
 41954 | Elf:1    | Found a huge runed gate.
 41955 | Elf:1    | Found a huge runed gate.
 41956 | Elf:1    | Found a huge runed gate.
 41957 | Elf:1    | Found a huge runed gate.
 41965 | Elf:1    | Found a huge runed gate.
 41965 | Elf:1    | Found a huge runed gate.
 41965 | Elf:1    | Found a huge runed gate.
 41965 | Elf:1    | Found a huge runed gate.
 41965 | Elf:1    | Found a huge runed gate.
 41965 | Elf:1    | Found a huge runed gate.
 41966 | Elf:1    | Found a huge runed gate.
 41967 | Elf:1    | Found a huge runed gate.
 41968 | Elf:1    | Found a huge runed gate.
 41976 | Elf:1    | Found a huge runed gate.
 41976 | Elf:1    | Found a huge runed gate.
 41976 | Elf:1    | Found a huge runed gate.
 41976 | Elf:1    | Found a huge runed gate.
 41976 | Elf:1    | Found a huge runed gate.
 41976 | Elf:1    | Found a huge runed gate.
 41977 | Elf:1    | Found a huge runed gate.
 42242 | Elf:1    | Found a huge runed gate.
 42472 | Elf:1    | Noticed Eciono's ghost (adept GnDe)
 42472 | Elf:1    | Noticed Foybonoth's ghost (adept MiFi)
 42472 | Elf:1    | Noticed Wicel's ghost (adept MiBe)
 42472 | Elf:1    | Noticed Opizon's ghost (journeyman TrFi)
 42472 | Elf:1    | Noticed Hutsabit's ghost (adept DrFE)
 42472 | Elf:1    | Noticed Liciumn's ghost (adept DEAE)
 42472 | Elf:1    | Noticed Diaqofic's ghost (adept GnAr)
 42508 | Elf:1    | Killed Diaqofic's ghost
 42529 | Elf:1    | Killed Foybonoth's ghost
 42566 | Elf:1    | Killed Opizon's ghost
 42721 | Elf:1    | Killed Wicel's ghost
 42886 | Elf:1    | Killed Eciono's ghost
 43253 | Elf:1    | Killed Hutsabit's ghost
 43511 | Elf:1    | Killed Liciumn's ghost
 44087 | Elf:3    | Entered Level 3 of the Elven Halls
 44204 | Elf:3    | Found Ring's General Store.
 44225 | Elf:3    | Bought 3 scrolls of enchant armour for 292 gold pieces
 44284 | Elf:3    | Identified the +2 leather armour "Rugafewa" {Str+2}
 44920 | Elf:3    | Reached XP level 24. HP: 155/179 MP: 0/0
 45113 | Elf:3    | Identified the ring of Timefirgh {Fly rF+ Str+3 Dex+3}
 45113 | Elf:3    | Identified the ring of Contentment {rF+ rN+}
 45130 | Elf:3    | Identified the +1 short sword "Tirch" {drain, rElec}
 45141 | Elf:3    | Identified the amulet "Keoc" {Regen+ SInv}
 45637 | Slime:1  | Entered Level 1 of the Pits of Slime
 45906 | Slime:2  | Reached skill level 15 in Armour
 46309 | Slime:4  | Noticed Dissolution
 46319 | Slime:4  | Paralysed by a floating eye for 4 turns
 46326 | Slime:4  | Paralysed by a floating eye for 3 turns
 46335 | Slime:4  | Killed Dissolution
 46498 | Slime:5  | Entered Level 5 of the Pits of Slime
 46550 | Slime:5  | Gained mutation: You are weak. (Str -2) [a shining eye]
 46551 | Slime:5  | Gained mutation: You expend health (3 HP) to strengthen
                  | your wands. [a shining eye]
 47719 | Slime:5  | Reached skill level 19 in Spellcasting
 47809 | Slime:5  | Noticed the Royal Jelly
 47946 | Slime:5  | Killed the Royal Jelly
 47946 | Slime:5  | Gained mutation: Your natural rate of healing is unusually
                  | fast. [a shining eye]
 48071 | Slime:5  | Found the +10 Black Knight's barding {ponderous, rPois rN+}
 48144 | Slime:5  | Identified the +1 sling of Disembowelment {speed, Str+3
                  | Int-4 SInv}
 48165 | Slime:5  | Got a slimy rune of Zot
 48175 | Slime:5  | Identified the +9 mace of the Vaults {heavy, Str+4 Int+3}
 48191 | Slime:5  | Identified the +6 ring mail "Gyud" {Regen+ rCorr MP+9
                  | Dex-2}
 48244 | Slime:5  | Identified the +4 halberd of Honour {elec, Int+5}
 48767 | Vaults:5 | Entered Level 5 of the Vaults
 48771 | Vaults:5 | Reached XP level 25. HP: 184/184 MP: 0/0
 48771 | Vaults:5 | Learned a level 9 spell: Shatter
 48825 | Vaults:5 | Reached skill level 20 in Spellcasting
 49167 | Vaults:5 | Reached XP level 26. HP: 185/185 MP: 0/0
 49298 | Vaults:5 | Identified the +5 great sword of Inykon {drain, Drain rElec
                  | MP+9 Str+2}
 50243 | Vaults:5 | Identified the +2 shortbow of Arosch {speed, rN++}
 50243 | Vaults:5 | Identified the ring "Ziuvosas" {Str+6 Slay+4}
 50244 | Vaults:5 | Reached XP level 27. HP: 199/199 MP: 0/0
 50244 | Vaults:5 | Learned a level 9 spell: Fire Storm
 50328 | Vaults:5 | Got a silver rune of Zot
 50844 | Depths:1 | Entered Level 1 of the Depths
 50879 | Depths:1 | Found Oshril's Magic Scroll Emporium.
 50891 | Depths:1 | Found Wicsut's Armour Shoppe.
 50903 | Depths:1 | Bought a scroll of teleportation for 45 gold pieces
 50903 | Depths:1 | Bought a scroll of fog for 60 gold pieces
 50903 | Depths:1 | Bought a scroll of teleportation for 45 gold pieces
 50903 | Depths:1 | Bought a scroll of teleportation for 45 gold pieces
 50903 | Depths:1 | Bought a scroll of poison for 60 gold pieces
 50903 | Depths:1 | Bought a scroll of teleportation for 45 gold pieces
 50903 | Depths:1 | Bought a scroll of enchant armour for 112 gold pieces
 51564 | Depths:1 | Found a gateway to Hell.
 51580 | Depths:1 | Found an opulent altar of Gozag.
 51929 | Depths:1 | Found a basalt altar of Yredelemnul.
 51931 | Depths:1 | Noticed Mara
 51939 | Depths:1 | Noticed browni3141's illusion
 51945 | Depths:1 | Killed Mara
 52223 | Depths:2 | Found a one-way gateway to a ziggurat.
 52227 | Depths:2 | Paralysed by a floating eye for 3 turns
 52235 | Depths:2 | Paralysed by a floating eye for 3 turns
 52396 | Depths:2 | Found a sacrificial altar of Ru.
 52439 | Depths:2 | Identified the +6 scale mail of Fun and Games {*Corrode
                  | rElec Str+5 Int+2}
 52519 | Depths:2 | Noticed a juggernaut
 52551 | Depths:2 | Killed a juggernaut
 52556 | Depths:2 | Found the +6 shillelagh "Devastator" {shatter}
 52758 | Depths:2 | Noticed Asterion
 52767 | Depths:2 | Killed Asterion
 52768 | Depths:2 | Found a one-way gate leading to the halls of Pandemonium.
 53036 | Depths:3 | Found Zewoet's Antique Armour Emporium.
 53044 | Depths:3 | Found Ysocregae's Weapon Emporium.
 53048 | Depths:3 | Bought the +3 pair of gauntlets of War {Slay+5} for 1045
                  | gold pieces
 53048 | Depths:3 | Found the +3 pair of gauntlets of War {Slay+5}
 53092 | Depths:3 | Found a one-way gate to the infinite horrors of the Abyss.
 53251 | Depths:3 | Noticed Parghit
 53262 | Depths:3 | Killed Parghit
 53609 | Depths:3 | Paralysed by a floating eye for 2 turns
 53615 | Depths:3 | Paralysed by a floating eye for 4 turns
 53882 | Depths:3 | Identified the +8 long sword of Ceuta {drain, Will+}
 54023 | Depths:4 | Entered Level 4 of the Depths
 54272 | Depths:4 | Noticed a juggernaut
 54283 | Depths:4 | Killed a juggernaut
 54653 | Depths:4 | Found a gate to the Realm of Zot.
 55153 | Depths:3 | Voluntarily entered the Abyss.
 55203 | Abyss:1  | Found a corrupted altar of Lugonu.
 55238 | Abyss:2  | Found a corrupted altar of Lugonu.
 55249 | Abyss:3  | Found a corrupted altar of Lugonu.
 55361 | Abyss:3  | Reached skill level 5 in Stealth
 55407 | Abyss:3  | Got an abyssal rune of Zot
 55453 | Depths:3 | Escaped the Abyss
 55504 | Zot:1    | Entered Level 1 of the Realm of Zot
 55693 | Zot:1    | HP: 1/205 [quicksilver dragon/bolt of dispelling energy
                  | (47)]
 56109 | Zot:1    | Found a transporter.
 56317 | Zot:1    | Reached skill level 10 in Stealth
 56385 | Zot:1    | Found a transporter.
 56632 | Zot:1    | Noticed an orb of fire
 56812 | Zot:1    | Gained mutation: You occasionally lose the ability to drink
                  | potions when taking damage. [a cacodemon]
 57066 | Zot:1    | Gained mutation: You sometimes lose your temper in combat.
                  | [an orb of fire]
 57071 | Zot:1    | Gained mutation: You are partially covered in iridescent
                  | scales. (AC +2) [an orb of fire]
 57078 | Zot:1    | Killed an orb of fire
 57209 | Zot:1    | Identified the ring of Ginusea {rPois rN+ Dex+3}
 57213 | Zot:1    | Identified the amulet of Xonyrim {RegenMP Harm rElec Str+4
                  | Int-2}
 57343 | Zot:2    | Found the +4 dragonskin cloak
 57343 | Zot:2    | Noticed Tiamat
 57347 | Zot:2    | Identified the +2 short sword of the Thirteen Bones {drain,
                  | rC+ Str+2}
 57727 | Zot:2    | Killed Tiamat
 58201 | Zot:2    | Lost mutation: You occasionally lose the ability to drink
                  | potions when taking damage. [potion of mutation]
 58201 | Zot:2    | Lost mutation: You are partially covered in iridescent
                  | scales. (AC +2) [potion of mutation]
 58201 | Zot:2    | Lost mutation: Your natural rate of healing is unusually
                  | fast. [potion of mutation]
 58201 | Zot:2    | Gained mutation: You are agile. (Dex +4, Str/Int -1)
                  | [potion of mutation]
 58201 | Zot:2    | Lost mutation: You sometimes lose your temper in combat.
                  | [potion of mutation]
 60696 | Zot:4    | Noticed a Killer Klown
 60718 | Zot:4    | Killed a Killer Klown
 61397 | Zot:5    | Entered Level 5 of the Realm of Zot
 61689 | Zot:5    | Noticed an orb of fire
 61692 | Zot:5    | Gained mutation: Your body sometimes deteriorates upon
                  | taking damage. [an orb of fire]
 61696 | Zot:5    | Gained mutation: Potions are less effective at restoring
                  | your health. [an orb of fire]
 61698 | Zot:5    | Killed an orb of fire
 61702 | Zot:5    | Noticed an orb of fire
 61710 | Zot:5    | Killed an orb of fire
 62145 | Zot:5    | Reached skill level 21 in Spellcasting
 62182 | Zot:5    | Noticed a dread lich
 62641 | Zot:5    | Noticed a Killer Klown
 62652 | Zot:5    | Killed a Killer Klown
 62785 | Zot:5    | Noticed an orb of fire
 62812 | Zot:5    | Killed an orb of fire
 62995 | Zot:5    | Noticed an orb of fire
 62997 | Zot:5    | Noticed an orb of fire
 63004 | Zot:5    | Gained mutation: You are very weak. (Str -4) [an orb of
                  | fire]
 63007 | Zot:5    | Killed an orb of fire
 63007 | Zot:5    | Noticed an orb of fire
 63012 | Zot:5    | Gained mutation: You are occasionally teleported next to
                  | monsters. [an orb of fire]
 63013 | Zot:5    | Noticed an orb of fire
 63018 | Zot:5    | Gained mutation: Your body often deteriorates upon taking
                  | damage. [an orb of fire]
 63022 | Zot:5    | Killed an orb of fire
 63029 | Zot:5    | Gained mutation: You occasionally lose the ability to drink
                  | potions when taking damage. [an orb of fire]
 63049 | Zot:5    | Killed a dread lich
 63198 | Zot:5    | Killed an orb of fire
 63239 | Zot:5    | Lost mutation: Potions are less effective at restoring your
                  | health. [potion of mutation]
 63239 | Zot:5    | Lost mutation: You occasionally lose the ability to drink
                  | potions when taking damage. [potion of mutation]
 63239 | Zot:5    | Lost mutation: Your body often deteriorates upon taking
                  | damage. [potion of mutation]
 63239 | Zot:5    | Gained mutation: You possess an exceptional clarity of
                  | mind. [potion of mutation]
 63239 | Zot:5    | Gained mutation: You are frail. (-10% HP) [potion of
                  | mutation]
 63239 | Zot:5    | Gained mutation: You have sharp fingernails. [potion of
                  | mutation]
 63240 | Zot:5    | Lost mutation: You possess an exceptional clarity of mind.
                  | [potion of mutation]
 63240 | Zot:5    | Lost mutation: You have sharp fingernails. [potion of
                  | mutation]
 63240 | Zot:5    | Gained mutation: Your mind is acute. (Int +4, Str/Dex -1)
                  | [potion of mutation]
 63241 | Zot:5    | Lost mutation: You are occasionally teleported next to
                  | monsters. [potion of mutation]
 63241 | Zot:5    | Lost mutation: You are very weak. (Str -4) [potion of
                  | mutation]
 63241 | Zot:5    | Gained mutation: Your natural rate of healing is unusually
                  | fast. [potion of mutation]
 63241 | Zot:5    | Gained mutation: Your spells are a little harder to cast,
                  | but a little more powerful. [potion of mutation]
 63241 | Zot:5    | Gained mutation: You have hidden genetic potential. [potion
                  | of mutation]
 63289 | Zot:5    | Gained mutation: Your body often deteriorates upon taking
                  | damage. [an orb of fire]
 63295 | Zot:5    | Noticed an orb of fire
 63316 | Zot:5    | Gained mutation: Potions are less effective at restoring
                  | your health. [an orb of fire]
 63321 | Zot:5    | Lost mutation: Potions are less effective at restoring your
                  | health. [an orb of fire]
 63322 | Zot:5    | HP: 8/184 [orb of fire/fireball (10)]
 63329 | Zot:5    | Noticed a Killer Klown
 63329 | Zot:5    | Noticed an orb of fire
 63329 | Zot:5    | Noticed an orb of fire
 63332 | Zot:5    | Noticed an orb of fire
 63333 | Zot:5    | Gained mutation: You sometimes lose your temper in combat.
                  | [an orb of fire]
 63423 | Zot:5    | Killed an orb of fire
 63604 | Zot:5    | Killed an orb of fire
 63729 | Zot:5    | Gained mutation: You are very vulnerable to cold. (rC--)
                  | [an orb of fire]
 63732 | Zot:5    | Killed an orb of fire
 63912 | Zot:5    | Reached skill level 22 in Spellcasting
 64404 | Zot:5    | Gained mutation: Potions are less effective at restoring
                  | your health. [an orb of fire]
 64408 | Zot:5    | Killed an orb of fire
 65489 | Zot:5    | Noticed a Killer Klown
 65540 | Zot:5    | Killed a Killer Klown
 65777 | Zot:5    | Killed a Killer Klown
 66005 | Zot:5    | Killed an orb of fire
 67475 | Snake:4  | Bought a potion of lignification for 54 gold pieces
 67475 | Snake:4  | Bought a potion of haste for 180 gold pieces
 67475 | Snake:4  | Bought a potion of heal wounds for 90 gold pieces
 67475 | Snake:4  | Bought a potion of curing for 54 gold pieces
 67475 | Snake:4  | Bought a potion of ambrosia for 144 gold pieces
 67475 | Snake:4  | Bought a potion of invisibility for 144 gold pieces
 67475 | Snake:4  | Bought a potion of heal wounds for 90 gold pieces
 67475 | Snake:4  | Bought a potion of curing for 54 gold pieces
 67774 | Orc:2    | Bought a potion of might for 44 gold pieces
 67774 | Orc:2    | Bought a potion of attraction for 33 gold pieces
 67774 | Orc:2    | Bought 2 potions of attraction for 66 gold pieces
 68427 | Hell     | Entered the Vestibule of Hell
 68430 | Hell     | Noticed Geryon
 68621 | Hell     | Gained mutation: Armour fits poorly on your strangely
                  | shaped body. [a cacodemon]
 68909 | Hell     | Killed Geryon
 69219 | Hell     | Found a gateway to the Iron City of Dis.
 69266 | Hell     | Found a gateway to the freezing wastes of Cocytus.
 69383 | Hell     | Found a gateway to the ashen valley of Gehenna.
 69611 | Hell     | Found a gateway to the decaying netherworld of Tartarus.
 69660 | Hell     | Gained mutation: You are partially covered in large bone
                  | plates. (SH +4) [hidden potential]
 69695 | Hell     | Lost mutation: You are partially covered in large bone
                  | plates. (SH +4) [potion of mutation]
 69695 | Hell     | Lost mutation: You are very vulnerable to cold. (rC--)
                  | [potion of mutation]
 69695 | Hell     | Gained mutation: Your movements are slightly less
                  | encumbered by armour. (ER -2) [potion of mutation]
 69695 | Hell     | Gained mutation: You have great hidden genetic potential.
                  | [potion of mutation]
 69980 | Crypt:1  | Entered Level 1 of the Crypt
 70066 | Vaults:3 | Lost mutation: You are frail. (-10% HP) [potion of
                  | mutation]
 70066 | Vaults:3 | Lost mutation: Potions are less effective at restoring your
                  | health. [potion of mutation]
 70066 | Vaults:3 | Lost mutation: Your spells are a little harder to cast, but
                  | a little more powerful. [potion of mutation]
 70067 | Vaults:3 | Lost mutation: Your movements are slightly less encumbered
                  | by armour. (ER -2) [potion of mutation]
 70067 | Vaults:3 | Lost mutation: You are agile. (Dex +4, Str/Int -1) [potion
                  | of mutation]
 70067 | Vaults:3 | Lost mutation: Armour fits poorly on your strangely shaped
                  | body. [potion of mutation]
 70067 | Vaults:3 | Gained mutation: You are very weak. (Str -4) [potion of
                  | mutation]
 70067 | Vaults:3 | Lost mutation: Your mind is acute. (Int +4, Str/Dex -1)
                  | [potion of mutation]
 70067 | Vaults:3 | Gained mutation: Your mind is acute. (Int +4, Str/Dex -1)
                  | [potion of mutation]
 70067 | Vaults:3 | Gained mutation: You are agile. (Dex +4, Str/Int -1)
                  | [potion of mutation]
 70096 | Crypt:1  | Reached skill level 15 in Invocations
 70820 | Crypt:1  | Noticed Bai Suzhen
 70834 | Crypt:1  | Killed Bai Suzhen
 70967 | Crypt:2  | Noticed Boris
 70981 | Crypt:2  | Killed Boris
 71944 | Crypt:2  | Identified the +8 arbalest "Hydraslayer" {freeze, Dex+2}
 71990 | Crypt:2  | Reached skill level 23 in Spellcasting
 72195 | Crypt:3  | Entered Level 3 of the Crypt
 72195 | Crypt:3  | Noticed Mennas
 72212 | Crypt:3  | Killed Mennas
 72912 | Crypt:3  | Noticed Margery
 72941 | Crypt:3  | Killed Margery
 73081 | Crypt:3  | Lost mutation: You sometimes lose your temper in combat.
                  | [hidden potential]
 73081 | Crypt:3  | Lost mutation: You have great hidden genetic potential.
                  | [hidden potential expressed]
 73452 | Crypt:3  | Reached skill level 24 in Spellcasting
 73534 | Crypt:3  | Found a staircase to the Tomb.
 74019 | Crypt:3  | Found a basalt altar of Yredelemnul.
 74466 | Depths:2 | Identified the +7 quarterstaff "Kaem" {pain, *Corrode rF+
                  | Str+3 Dex+2}
 75153 | Snake:3  | Bought the ring "Leproqa" {Ice rN+} for 543 gold pieces
 75570 | Dis:1    | Entered Level 1 of the Iron City of Dis
 76830 | Dis:5    | You are sucked into a shaft and drop 1 floor!
 76844 | Dis:7    | Entered Level 7 of the Iron City of Dis
 77802 | Dis:7    | Reached skill level 25 in Spellcasting
 78037 | Dis:7    | Identified the ring "Fut Dine" {Will++ AC+4 Int+3}
 78555 | Dis:7    | Gained mutation: You have a somewhat thin skeletal
                  | structure. (Dex +2, Stealth+) [hidden potential]
 78979 | Dis:7    | Noticed a juggernaut
 78993 | Dis:7    | Killed a juggernaut
 79325 | Dis:7    | Noticed a juggernaut
 79417 | Dis:7    | Killed a juggernaut
 79581 | Dis:7    | Noticed a juggernaut
 79591 | Dis:7    | Killed a juggernaut
 79667 | Dis:7    | Found the +4 staff of Dispater
 79667 | Dis:7    | Noticed Dispater
 79859 | Dis:7    | Killed Dispater
 79890 | Dis:7    | Found the +9 staff of Wucad Mu {*channel}
 79898 | Dis:7    | Found the +3 giant club "Skullcrusher" {speed, Str+7}
 79901 | Dis:7    | Identified the +5 mace of Yesterday {spect, Will+ MP+9}
 79903 | Dis:7    | Got an iron rune of Zot
 80283 | Zot:5    | Got the Orb of Zot
 80914 | D:$      | Escaped with the Orb!

Illustrated notes

Levels and vault maps discovered:
D:1:      tarquinn_simple_flora_water_e, layout_basic
D:2:      layout_loops_ring, minmay_unequal
D:3:      layout_loops_corners
D:4:      layout_loops_ring, minmay_misc_feat_doors, uniq_duvessa
D:5:      wad_crossroads, layout_loops_corners, kennysheep_slug_shrine,
          kennysheep_okawaru_gauntlet, makhleb_heckhound_becter,
          uniq_prince_ribbit1
D:6:      layout_layer_cave, zin_angel, lemuel_temple_firewalk_b, serial_shops,
          nicolae_shop_waterfront, shop_fountains, kennysheep_mini_moat,
          nicolae_shop_hallway_stairs, shop, nrook_loot_triangle,
          uniq_crazy_yiuf_cottage
D:7:      layout_loops_ring, led_sif_pool, serial_shops,
          nicolae_inconvenience_store, nicolae_shop_waterfront,
          nicolae_shop_behind_doors, shop, minmay_misc_feat_roman
D:8:      layout_rooms, mainiacjoe_overflow_surrounded_room
D:9:      layout_layer_cave, nicolae_overflow_crystal_walls, erik_lair_dragon
D:10:     layout_loops_ring, mrwooster_statue_mirror, minmay_increasing_density
D:11:     kennysheep_blocky_hall, layout_stronghold,
          kennysheep_orc_monster_closet_entryway,
          nicolae_qazlal_scattered_showers
D:12:     layout_irregular_city, serial_shops, nicolae_lakefront_shop
D:13:     layout_basic, david_vaults_2, gauntlet_entry_generic,
          hangedman_tell_no_tales
D:14:     layout_rooms, chequers_serial_rivers_room_a, serial_corexii_hall,
          corexii_hall_statues_u, corexii_hall_statues_x,
          corexii_hall_statues_x, corexii_hall_statues_u, uniq_nessos
D:15:     grunt_enter_depths_magical_seal, layout_basic,
          gammafunk_ghost_cemetery, serial_shops, nicolae_shop_trees,
          grunt_decor_resistance, minivault_7
Lair:1:   layout_gridlike, cheibrodos_lair_caveside_slide, lemuel_fruit_tree
Lair:2:   layout_regular_city, serial_bayou, serial_bayou_lake_a,
          serial_bayou_ford_a, serial_bayou_lagoon_a, serial_bayou_pond_b,
          serial_bayou_pond_c, st_stairs_3, nzn_masters_of_martial_movement,
          infiniplex_staircase_pool_2, uniq_amaemon, uniq_gastronok
Lair:3:   layout_layer_cave, shoals_dummy_entry, guppyfry_snake_entry_garden,
          special_room [special_room_mythical_zoo], grunt_megastairs_4
Lair:4:   dreamdust_labyrinth, layout_regular_city, slime_entry_1
Lair:5:   hangedman_lair_caniforms_friends, layout_gridlike,
          hangedman_lair_in_review, serial_rivers,
          chequers_serial_rivers_micro_d, chequers_serial_rivers_micro_c,
          chequers_serial_rivers_micro_c, chequers_serial_rivers_large_b,
          chequers_serial_rivers_micro_c, chequers_serial_rivers_small_a,
          dreamdust_deal_with_the_devil, uniq_rupert
Shoals:1: dreamdust_from_the_deep, layout_shoals, overgrown_hall
Shoals:2: layout_shoals, nicolae_shoals_lost_giant_hut
Shoals:3: layout_shoals
Shoals:4: shoals_end_simple, layout_shoals
Snake:1:  layout_basic, grunt_megastairs_5
Snake:2:  layout_rooms, portal_ice_cave_entry_pillars_2
Snake:3:  layout_chambers, nicolae_snake_gridmaze_waves, grunt_megastairs_3,
          minmay_shop_grove
Snake:4:  grunt_snake_rune_serpentine_throne, layout_cave_pods, serial_shops,
          nicolae_shop_stone, shop, uniq_mlioglotl, uniq_vashnia, uniq_kirke
Slime:1:  layout_caves
Slime:2:  layout_caves, nicolae_slime_welcoming_committee
Slime:3:  layout_caves
Slime:4:  layout_caves, nicolae_slime_phagocytosis, uniq_dissolution
Slime:5
Orc:1:    cheibrodos_orc_bank, layout_caves
Orc:2:    st_orc_town, layout_diamond_mine, serial_shops,
          nicolae_shop_bloodbath_and_beyond, basic_altar
Elf:1:    layout_gridlike, gammafunk_ghost_door_vault, hangedman_elf_represent,
          hangedman_elven_ridges
Elf:2:    elven_hall_of_blades_hangedman_original [nooodl_blade_entry_preview],
          layout_geoelf_diagonals
Elf:3:    minmay_elf_hall_dome, layout_geoelf_octagon, serial_shops,
          nicolae_shop_competitors_out_of_business, serial_aquarium,
          aquarium_bridge_long_joined [aquarium_subvault_wall,
          aquarium_subvault_window, aquarium_subvault_wall,
          aquarium_subvault_window, aquarium_subvault_bridge,
          aquarium_subvault_window], aquarium_window_corner,
          aquarium_window_corner, aquarium_window_fake, aquarium_window_1,
          aquarium_view_2c, aquarium_view_2e, aquarium_pool_S, hex_tiny,
          feat_on_display
Vaults:1: hangedman_vaults_slither, nicolae_vaults_theta,
          nicolae_vaults_asterisk, ontoclasm_vaults_tryst,
          nicolae_vaults_triangles, ontoclasm_vaults_hangar,
          ontoclasm_vaults_ligature, v_misc_31, layout_vaults_quadrants,
          uniq_zenata
Vaults:2: nicolae_vaults_windows_and_doors_thing, vaults_room_corners,
          nicolae_vaults_specimen_jars, v_misc_26, vaults_dpeg_encased_lava,
          hangedman_vaults_stagger, nicolae_vaults_network_barrier,
          nicolae_vaults_puzzle_piece, nicolae_vaults_rhombus_6,
          vaults_dpeg_spiral, vaults_dpeg_emergency_exit, vaults_dpeg_cross,
          layout_vaults_maze_bifur, serial_shops, bzr_entry_safe
Vaults:3: hangedman_vaults_corner, nicolae_vaults_big_ls,
          hangedman_vaults_stitches, v_rooms_6, vaults_mumra_lcd,
          v_alt_pattern_5, vaults_mumra_chevron,
          minmay_crypt_entry_simple_sparse, hangedman_vaults_capsules,
          vaults_dpeg_ring, layout_vaults_chaotic_city, serial_shops,
          nicolae_shop_hallway_plus
Vaults:4: gammafunk_ghost_wrathful_warriors, grunt_vaults_hallway_long,
          nicolae_vaults_disjoint_gnomons, v_alt_pattern_4,
          hangedman_vaults_impose, vaults_room_ringed_pool,
          ontoclasm_vaults_ring_small, vaults_room_door_hall,
          nicolae_vaults_rhombus_6, vaults_room_guarded_vault,
          ontoclasm_vaults_loading_screen, ontoclasm_vaults_pinch,
          vaults_room_pool, layout_vaults_omnicross
Vaults:5: serial_shops
Crypt:1:  layout_gridlike, grunt_ministairs_10, roderic_lattice_octagonal_star,
          uniq_bai_suzhen
Crypt:2:  nicolae_crypt_knochenhaus, layout_regular_city, uniq_boris
Crypt:3:  lightli_unholy_cathedral, layout_chaotic_city,
          tomb_entry_shell_bobbens, uniq_mennas, uniq_margery
Depths:1: layout_gridlike, yredelemnul_altar_generic, hell_entry,
          minmay_misc_feat_iff, grunt_gozag_statues, serial_bayou_shore_a,
          minmay_shoptagon, uniq_mara
Depths:2: minmay_roctagon, layout_gridlike, enter_ziggurat_c, hell_entry,
          pan_entry, lemuel_doored_altar, infiniplex_staircase_9_rooms,
          firewood_loft, uniq_asterion
Depths:3: kennysheep_ambush_hall, layout_cave_shapes, hell_entry, abyss_entry,
          skrybe_limestone_x, pan_entry, infiniplex_staircase_hallway_doors,
          minmay_shop_star, uniq_parghit
Depths:4: grunt_zot_entry_tricorne, layout_basic, hell_entry,
          amcnicky_mini_pool_small
Hell
Dis:1:    layout_regular_city
Dis:2:    layout_gridville
Dis:3:    layout_gridville
Dis:4:    layout_jigsaw
Dis:5:    layout_subdivisions
Dis:6:    layout_subdivisions, not_door_vault_due
Dis:7:    dis_grunt_layers
Zot:1:    gammafunk_dig_for_victory, layout_onion_interference, zot_minivault_5
Zot:2:    layout_cathedral_of_symmetry, uniq_tiamat
Zot:3:    layout_gridville, grunt_megastairs_1
Zot:4:    layout_concentric_octagons
Zot:5:    layout_gridlike, grunt_ministairs_10

Skill      XL: |  1  2  3  4  5  6  7  8  9 10 11 12 13 14 15 16 17 18 19 20 21 22 23 24 25 26 27 |
---------------+----------------------------------------------------------------------------------+-----
Fighting       | 1 2 3 5 7 10 14 15 16 17 18 23 | 23.9
Spellcasting   | 3 4 6 7 8 10 11 13 15 16 17 18 19 20 25 | 25.0
Dodging        | 3 5 7 9 10 12 14 15 16 17 18 21 | 21.0
Stealth        | 2 3 10 | 10.0
Long Blades    | 4 7 10 12 14 | 14.0
Armour         | 3 5 7 9 13 15 20 | 20.0
Shields        | 4 5 7 8 9 12 15 17 18 20 | 20.0
Invocations    | 7 8 10 15 | 15.0
Evocations     | 6 8 |  8.0

Action                     |  1- 3 |  4- 6 |  7- 9 | 10-12 | 13-15 | 16-18 | 19-21 | 22-24 | 25-27 || total
---------------------------+-------+-------+-------+-------+-------+-------+-------+-------+-------++-------
  Melee: Dagger            |     5 |     3 |       |       |       |       |       |       |       ||     8
         Rapier            |       |       |    51 |   116 |   644 |       |       |       |       ||   811
         Punch             |       |       |     1 |       |       |       |       |       |       ||     1
         Long sword        |       |       |       |   103 |       |       |       |       |       ||   103
         Scimitar          |       |       |       |       |    61 |  1018 |  1006 |  1184 |  3892 ||  7161
  Throw: Dart              |       |       |       |     1 |       |       |       |       |       ||     1
   Cast: Foxfire           |    55 |    67 |    92 |   149 |   395 |    46 |       |     9 |    44 ||   857
         Scorch            |       |    14 |     5 |    44 |    58 |     9 |     1 |       |       ||   131
         Searing Ray       |       |     1 |     3 |     7 |     4 |     4 |       |       |       ||    19
         Inner Flame       |       |       |     2 |    12 |    42 |    17 |     2 |       |     1 ||    76
         Poisonous Vapours |       |       |     3 |     2 |     1 |     3 |       |       |       ||     9
         Kindle Blastspark |       |       |     3 |     3 |       |       |       |       |       ||     6
         Summon Guardian G |       |       |       |     5 |     4 |     6 |       |     2 |    54 ||    71
         Flame Wave        |       |       |       |     2 |    24 |    12 |     9 |       |       ||    47
         Summon Forest     |       |       |       |       |     7 |    14 |    10 |    27 |    34 ||    92
         Freeze            |       |       |       |       |     2 |       |       |       |       ||     2
         Animate Dead      |       |       |       |       |     1 |       |       |       |       ||     1
         Dispersal         |       |       |       |       |       |     3 |     1 |     7 |     7 ||    18
         Starburst         |       |       |       |       |       |     3 |     5 |    14 |    32 ||    54
         Death Channel     |       |       |       |       |       |       |    19 |     3 |    10 ||    32
         Haunt             |       |       |       |       |       |       |       |    31 |   158 ||   189
         Lehudib's Crystal |       |       |       |       |       |       |       |       |   124 ||   124
 Invoke: Greater Servant o |       |       |       |       |       |       |       |       |     3 ||     3
         Major Destruction |       |       |       |       |       |       |       |       |     2 ||     2
Ability: Evoke the Staff o |       |       |       |       |       |       |       |       |     2 ||     2
  Evoke: Wand              |       |       |     1 |     3 |     1 |     9 |     1 |     4 |    31 ||    50
         Phantom mirror    |       |       |       |       |       |     1 |       |       |     1 ||     2
         Condenser vane    |       |       |       |       |       |       |       |     2 |     2 ||     4
         Tin of tremorston |       |       |       |       |       |       |       |       |     2 ||     2
         Horn of Geryon    |       |       |       |       |       |       |       |       |     1 ||     1
    Use: Scroll            |     7 |     1 |     2 |     7 |     7 |    20 |     1 |     8 |    41 ||    94
         Potion            |       |       |       |       |       |     2 |       |    14 |    59 ||    75
   Stab: Sleeping          |       |       |       |     1 |     3 |     5 |     6 |     3 |    10 ||    28
         Distracted        |       |       |       |       |     3 |    34 |    44 |    46 |   151 ||   278
         Petrified         |       |       |       |       |     3 |       |       |       |       ||     3
         Petrifying        |       |       |       |       |     1 |       |       |       |       ||     1
         Invisible         |       |       |       |       |       |     1 |       |       |    26 ||    27
         Paralysed         |       |       |       |       |       |       |     3 |       |       ||     3
 Armour: Robe              |     1 |     5 |     1 |       |       |       |       |       |       ||     7
         Scale mail        |       |       |    16 |   166 |       |    59 |       |    48 |       ||   289
         Ring mail         |       |       |     2 |    12 |   332 |   170 |   213 |    65 |   127 ||   921
         Fire dragon scale |       |       |       |       |       |       |       |       |   544 ||   544
         Skin              |       |       |       |       |       |       |       |       |    12 ||    12
  Dodge: Dodged            |     1 |    17 |    33 |   162 |   671 |   594 |   560 |   371 |  1299 ||  3708
  Block: Buckler           |       |       |    10 |    86 |       |       |       |       |       ||    96
         Tower shield      |       |       |       |    31 |  1160 |  1242 |  1275 |  1098 |  4131 ||  8937
         Kite shield       |       |       |       |     7 |       |       |       |       |       ||     7

Table legend: (Time is in decaauts)
 A = Elapsed time spent in this place.
 B = Non-inter-level travel time spent in this place.
 C = Inter-level travel time spent in this place.
 D = Time resting spent in this place.
 E = Time spent auto-exploring this place.
 F = Levels seen in this place.
 G = Mean time per level.
                   A        B        C        D        E       F      G
               +--------+--------+--------+--------+--------+-----+--------+
         Total |  80718 |  70309 |  10409 |  11006 |  38174 |  69 | 1169.8 |
       Dungeon |  18980 |  14955 |   4025 |   1374 |  11058 |  15 | 1265.3 |
          Lair |   7493 |   6085 |   1408 |     66 |   3939 |   5 | 1498.6 |
        Shoals |   4081 |   3970 |    111 |    511 |   2391 |   4 | 1020.2 |
     Snake Pit |   4528 |   3923 |    605 |    284 |   2416 |   4 | 1132.0 |
    Slime Pits |   2645 |   2466 |    179 |    202 |   1308 |   5 |  529.0 |
  Orcish Mines |   1802 |   1542 |    260 |     67 |    952 |   2 |  901.0 |
   Elven Halls |   4332 |   4104 |    228 |    284 |   2508 |   3 | 1444.0 |
        Vaults |   8388 |   6977 |   1411 |    256 |   4353 |   5 | 1677.6 |
         Crypt |   4156 |   3996 |    160 |    948 |   1774 |   3 | 1385.3 |
        Depths |   5298 |   4350 |    948 |    636 |   2536 |   4 | 1324.5 |
          Hell |    914 |    794 |    120 |     93 |    334 |   1 |  914.0 |
           Dis |   4268 |   4034 |    234 |   1746 |    280 |   7 |  609.7 |
           Zot |  11603 |  10888 |    715 |   4078 |   4126 |   5 | 2320.6 |
         Abyss |    277 |    277 |      0 |      0 |     48 |   3 |   92.3 |
        Bazaar |    104 |    104 |      0 |      0 |     78 |   1 |  104.0 |
      Ice Cave |   1266 |   1266 |      0 |    419 |     35 |   1 | 1266.0 |
      Gauntlet |    576 |    576 |      0 |     38 |     38 |   1 |  576.0 |
               +--------+--------+--------+--------+--------+-----+--------+

Top non-repeatable levels by time:
   Zot:5: 5466 daAuts
   Dis:7: 3102 daAuts
     D:9: 2566 daAuts
   Elf:1: 2214 daAuts
Vaults:3: 2122 daAuts
 Crypt:3: 1962 daAuts
  Lair:5: 1918 daAuts
   Zot:1: 1853 daAuts
Vaults:4: 1796 daAuts
  Lair:3: 1758 daAuts
Vaults:5: 1740 daAuts
    D:15: 1675 daAuts
     D:5: 1652 daAuts
Vaults:1: 1636 daAuts
Depths:2: 1588 daAuts
